 Dungeon Crawl Stone Soup version 0.22-a0-136-g83a10e5 (webtiles) character file.

196 varam the Chopper (level 5, -3/45 HPs)
             Began as a Hill Orc Fighter on Feb 4, 2018.
             Killed from afar by an orc wizard (6 damage)
             ... with a magic dart
             ... on level 3 of the Dungeon.
             The game lasted 00:02:29 (1976 turns).

varam the Chopper (Hill Orc Fighter)                Turns: 1976, Time: 00:02:30

Health: -3/45      AC:  8    Str: 19    XL:     5   Next: 75%
Magic:  5/5        EV:  7    Int:  9    God:
Gold:   79         SH:  9    Dex: 10    Spells: 4/4 levels left

rFire    . . .     SeeInvis .   a - +0 war axe
rCold    . . .     Gourm    .   c - +0 shield
rNeg     . . .     Faith    .   b - +0 scale mail
rPois    .         Spirit   .   (no helmet)
rElec    .         Reflect  .   (no cloak)
rCorr    .         Harm     .   (no gloves)
MR       .....                  (no boots)
Stlth    ..........             (no amulet)
HPRegen  0.15/turn              (no ring)
MPRegen  0.09/turn              (no ring)

@: no status effects
A: slimy green scales 1, blink, mutation resistance 1, subdued magic 1
a: Blink, Convert to Beogh


You were on level 3 of the Dungeon.
You were not hungry.

You visited 1 branch of the dungeon, and saw 3 of its levels.

You collected 79 gold pieces.

Inventory:

Hand Weapons
 a - a +0 war axe (weapon)
Armour
 b - a +0 scale mail (worn)
 c - a +0 shield (worn)
Jewellery
 j - a cursed ring of loudness {unknown}
Scrolls
 d - a scroll of teleportation {unknown}
 i - a scroll of identify {unknown}
 k - a scroll of fog {unknown}
Potions
 e - a potion of ambrosia {unknown}
 h - a potion of mutation
 l - a potion of berserk rage {unknown}
 m - a potion of brilliance {unknown}
Comestibles
 f - 4 rations
 g - 6 chunks of flesh


   Skills:
 - Level 3.6 Fighting
 * Level 6.4 Axes
 - Level 3.2 Armour
 + Level 4.7 Shields


You had 4 spell levels left.
You didn't know any spells.

Dungeon Overview and Level Annotations

Branches:
Dungeon (3/15)

Altars:
Cheibriados
Qazlal


Innate Abilities, Weirdness & Mutations

You are partially covered in slimy green scales. (AC +2)
You can translocate small distances at will.
You are somewhat resistant to further mutation.
Your spells are a little easier to cast, but a little less powerful.


Message History

The orc priest is severely wounded.
You slash the orc wizard!
The orc priest begins to cast a cantrip, but forgets the words!
The orc wizard hits you but does no damage.
You hit the orc priest but do no damage.
The orc priest is severely wounded.
You hit the orc wizard but do no damage.
You block the orc's attack.
The orc priest mumbles some strange prayers to Beogh against you.
Beogh smites you!
* * * LOW HITPOINT WARNING * * *
The orc wizard points at you and mumbles some strange words.
The magic dart hits you!
You closely miss the orc priest.
The orc priest is severely wounded.
Your shield prevents you from hitting the orc wizard.
The orc hits you but does no damage. You block the orc priest's attack.
The orc wizard casts a spell at you. The magic dart hits you!
You die...

#.#.8.8. #g#.._..
#.#...8 ### +#.#'...
##.#####...#####
########........⌠......
..........#####o..####
##.....###...o#.#'...#
#.....##.8.@.#.# ..8.
#.....##.._o.#$# ..
.###.(...##.8.8.#.#
.........†##...##.#
####.....#.#####...
#.....####.##..#
######........##
#.....### #.÷...#


You could see an orc priest, an orc wizard and an orc.

Vanquished Creatures
  An ogre (D:3)
  Robin (D:2)
  A gnoll (D:1)
  2 adders (D:2)
  An ooze (D:3)
  4 dart slugs
  A leopard gecko (D:1)
  An orc (D:3)
  A ball python (D:1)
  8 bats
  6 giant cockroaches
  16 goblins
  7 hobgoblins
  A quokka (D:1)
  4 frilled lizards
  7 kobolds
  7 rats
69 creatures vanquished.

Notes
Turn   | Place    | Note
-------+----------+-------------------------------------------
     0 | D:1      | varam the Hill Orc Fighter began the quest for the Orb.
     0 | D:1      | Reached XP level 1. HP: 19/19 MP: 1/1
    15 | D:1      | Reached skill level 3 in Axes
    48 | D:1      | Reached XP level 2. HP: 22/26 MP: 2/2
   171 | D:1      | Reached skill level 4 in Axes
   199 | D:1      | Reached XP level 3. HP: 28/31 MP: 3/3
   978 | D:2      | Noticed Robin
   997 | D:2      | Reached skill level 4 in Shields
  1001 | D:2      | Reached XP level 4. HP: 30/39 MP: 4/4
  1014 | D:2      | Reached skill level 5 in Axes
  1021 | D:2      | Killed Robin
  1829 | D:3      | Noticed an ogre
  1838 | D:3      | Killed an ogre
  1838 | D:3      | Reached skill level 6 in Axes
  1838 | D:3      | Reached XP level 5. HP: 28/45 MP: 5/5
  1949 | D:3      | Found a stormy altar of Qazlal.
  1952 | D:3      | Found a snail-covered altar of Cheibriados.
  1970 | D:3      | Gained mutation: You can translocate small distances at will. [potion of mutation]
  1970 | D:3      | Gained mutation: You are partially covered in slimy green scales. (AC +2) [potion of mutation]
  1970 | D:3      | Gained mutation: Your spells are a little easier to cast, but a little less powerful. [potion of mutation]
  1970 | D:3      | Gained mutation: You are somewhat resistant to further mutation. [potion of mutation]
  1975 | D:3      | HP: 3/45 [orc priest/divine providence (11)]
  1976 | D:3      | Killed from afar by an orc wizard

Vault maps used:
D:1:      onia_arrival_larder, grunt_decor_arrowhead
D:2:      uniq_robin
D:3:      grunt_temple_overflow_cloverleaf, first_ration,
          minmay_misc_feat_square

Skill      XL: |  1  2  3  4 |
---------------+-------------+-----
Axes           | 3 4 6 |  6.4
Shields        | 4 |  4.7
Fighting       | |  3.6
Armour         | |  3.2

Action                   |  1- 3 |  4- 6 || total
-------------------------+-------+-------++-------
Melee: War axe           |   121 |   101 ||   222
  Use: Potion            |       |     2 ||     2
  Eat: Chunk             |       |     4 ||     4
Armor: Scale mail        |    62 |    52 ||   114
Dodge: Dodged            |    33 |    36 ||    69
Block: Shield            |    65 |    43 ||   108

Table legend:
 A = Spawn XP
 B = Non-spawn XP
 C = Spawn XP percentage of total XP
 D = Spawn monster count
 E = Non-spawn monster count
 F = Spawn count percentage of total count
 G = Total turns spent on level
                    A         B        C        D         E        F      G
               +---------+---------+-------+---------+---------+-------+---------
         Total |       0 |     281 |   0.0 |       0 |      69 |   0.0 |  1976
               +---------+---------+-------+---------+---------+-------+---------
           D:1 |       0 |      73 |   0.0 |       0 |      34 |   0.0 |   854
           D:2 |       0 |      81 |   0.0 |       0 |      24 |   0.0 |   975
           D:3 |       0 |     127 |   0.0 |       0 |      11 |   0.0 |   147
               +---------+---------+-------+---------+---------+-------+---------
